 Dungeon Crawl Stone Soup version 0.18-a0-1570-gf60b0ab (console) character file.

352 Liam the Magician (level 6, -7/36 HPs)
             Began as a High Elf Wizard on Mar 14, 2016.
             Mangled by a giant frog (8 damage)
             ... in a sewer.
             The game lasted 00:07:35 (4078 turns).

Liam the Magician (High Elf Wizard)                 Turns: 4078, Time: 00:07:36

Health: -7/36      AC:  2    Str:  6    XL:     6   Next: 35%
Magic:  10/16      EV: 10    Int: 24    God:
Gold:   138        SH:  0    Dex: 18    Spells: 5 memorised, 6 levels left

rFire  . . .     SeeInvis .     (no weapon)
rCold  . . .     Gourm    .     a - +0 robe
rNeg   . . .     Faith    .     (no shield)
rPois  .         Spirit   .     b - +0 hat
rElec  .         Dismiss  .     (no cloak)
rCorr  .         Reflect  .     (no gloves)
SustAt .         Harm     .     (no boots)
MR     .....                    (no amulet)
Stlth  ++........               (no ring)
                                (no ring)

@: constricted, not resistant to hostile enchantments, unstealthy
A: antennae 1, thin skeletal structure 1, agile 1
a: no special abilities


You were in a sewer.
You were hungry.

You visited 1 branch of the dungeon, and saw 4 of its levels.
You also visited: Sewer.

You collected 138 gold pieces.

Inventory:

Armour
 a - a +0 robe (worn)
 b - a +0 hat (worn)
Scrolls
 h - a scroll of remove curse
 k - 3 scrolls of identify
 m - 2 scrolls of teleportation
 o - a scroll of amnesia
Potions
 e - a potion of invisibility {unknown}
 g - a potion of mutation
 i - 2 potions of resistance {unknown}
 j - a potion of cancellation
 l - a potion of brilliance {unknown}
 q - a potion of curing {unknown}
 s - a potion of berserk rage {unknown}
Books
 c - a book of Minor Magic

   Spells                             Type                      Level
   a - Magic Dart                     Conjuration                  1
   b - Blink                          Translocation                2
   c - Call Imp                       Summoning                    2
   d - Repel Missiles                 Charms/Air                   2
   e - Slow                           Hexes                        2
   f - Conjure Flame                  Conjuration/Fire             3
   g - Mephitic Cloud                 Conjuration/Poison/Air       3
Comestibles
 d - 4 bread rations
 p - a meat ration
 r - a slice of pizza


   Skills:
 - Level 2.1 Dodging
 - Level 2.1 Stealth
 + Level 6.2 Spellcasting
 + Level 5.0 Conjurations
 + Level 0.0 Charms
   Level 0.8 Summonings
 + Level 1.1 Translocations
 + Level 0.2 Fire Magic
 + Level 0.0 Air Magic
 + Level 0.1 Poison Magic


You had 6 spell levels left.
You knew the following spells:

 Your Spells              Type           Power        Failure   Level  Hunger
a - Magic Dart            Conj           ####         1%          1    None
b - Blink                 Tloc           N/A          10%         2    None
d - Mephitic Cloud        Conj/Pois/Air  ###.....     14%         3    None
e - Conjure Flame         Conj/Fire      ###.....     10%         3    None
m - Repel Missiles        Chrm/Air       #.....       12%         2    None


Dungeon Overview and Level Annotations

Branches:
Dungeon (4/15)             Temple (0/1) D:4

Altars:

Shops:
D:4 (

Annotations:
D:3 Terence


Innate Abilities, Weirdness & Mutations

You have a pair of small antennae on your head.
You have a somewhat thin skeletal structure (Dex +2, Stealth).
You are agile. (Dex +2)


Message History

Okay, then.
The giant frog seems less confused.
The ball python bites you but does no damage.
The ball python closely misses you. The giant newt bites you.
* * * LOW HITPOINT WARNING * * *
The ball python bites you.
* * * LOW HITPOINT WARNING * * *
The ball python grabs you. The ball python constricts you.
Your attempt to break free from the ball python fails, but you feel that another attempt might succeed.
The giant newt bites you but does no damage.
The giant frog hits you.
* * * LOW HITPOINT WARNING * * *
The ball python bites you but does no damage.
The ball python constricts you.
Drink which item? (? for menu, Esc to quit)
It was a potion of mutation.
You feel extremely strange.
Your bones become slightly less dense.
You feel agile. A pair of antennae grows on your head! The giant frog hits you!
You die...

#.≈.#########≈...≈##
####.≈≈≈≈≈≈≈≈≈≈####≈.∩#
##≈≈#≈≈≈≈≈#####≈≈†.#####
####≈.≈#######≈∩≈#≈.≈≈≈≈≈##
##≈..≈≈≈≈#..≈≈≈≈≈≈####≈≈≈≈≈#
##≈.≈≈#≈≈##≈..≈≈≈≈≈.≈≈###≈≈≈≈
#.≈≈≈##.≈#≈†#######≈≈.≈≈##≈≈≈
##≈≈.##≈≈##†≈#≈≈≈≈≈###†≈≈≈##≈≈
#≈≈≈≈#≈≈.#≈≈.@≈.≈F≈≈≈##≈≈≈≈#†.
##≈≈≈##≈≈.#≈≈FlS..≈.≈≈≈##†≈†##≈
#.≈≈≈#≈≈≈.#≈≈.≈$≈≈.≈.≈≈≈#≈≈≈.#≈
#∩...#≈≈.≈#≈≈.:[..≈.≈≈≈≈#≈.≈.#≈
#....#≈≈≈†#≈≈≈.??..≈≈≈≈≈#.≈.≈#≈
##≈≈≈##≈≈≈##≈≈≈..≈.≈≈≈≈##≈≈≈##†
#.≈≈≈#≈.≈≈##≈≈≈≈≈≈≈≈≈##≈≈..#≈≈
##≈≈.##≈.≈≈###≈≈≈≈≈###≈.≈≈##.≈
#≈..≈##≈.≈†.#######≈≈≈≈.##.≈≈


You could see 2 giant frogs, a ball python and a giant newt.

Vanquished Creatures
  A hound (D:4)
  An iguana (D:4)
  13 adders
  10 oozes
  A worm (D:2)
  2 dart slugs
  17 giant geckos (Sewer)
  An orc (D:3)
  14 giant cockroaches
  6 goblins
  8 hobgoblins
  2 jackals (D:2)
  A quokka (D:2)
  6 ball pythons
  7 bats
  12 giant newts
  12 kobolds
  8 rats
122 creatures vanquished.

Notes
Turn   | Place    | Note
--------------------------------------------------------------
     0 | D:1      | Liam the High Elf Wizard began the quest for the Orb.
     0 | D:1      | Reached XP level 1. HP: 11/11 MP: 6/6
   339 | D:1      | Reached XP level 2. HP: 17/17 MP: 3/7
   385 | D:1      | Reached skill level 4 in Spellcasting
   438 | D:1      | Learned a level 2 spell: Blink
   443 | D:1      | Learned a level 2 spell: Repel Missiles
  1066 | D:2      | Reached XP level 3. HP: 13/21 MP: 0/9
  1617 | D:2      | Reached XP level 4. HP: 25/27 MP: 2/11
  1939 | D:2      | Reached skill level 5 in Spellcasting
  2499 | D:3      | Found a faded altar to an unknown god.
  2647 | D:3      | Noticed Terence
  2912 | D:4      | Reached XP level 5. HP: 20/31 MP: 5/13
  2951 | D:4      | Learned a level 3 spell: Mephitic Cloud
  2956 | D:4      | Learned a level 3 spell: Conjure Flame
  2960 | D:4      | Found Reczil's Weapon Shop.
  2994 | D:4      | Found a staircase to the Ecumenical Temple.
  3008 | D:4      | Found a glowing drain.
  3097 | Sewer    | Entered a sewer
  3312 | Sewer    | Reached skill level 6 in Spellcasting
  3396 | Sewer    | Reached XP level 6. HP: 36/36 MP: 5/16
  3868 | Sewer    | Reached skill level 5 in Conjurations
  4077 | Sewer    | HP: 1/36 [giant frog (5)]
  4078 | Sewer    | Gained mutation: You have a somewhat thin skeletal structure (Dex +2, Stealth). [potion of mutation]
  4078 | Sewer    | Gained mutation: You are agile. (Dex +2) [potion of mutation]
  4078 | Sewer    | Gained mutation: You have a pair of small antennae on your head. [potion of mutation]
  4078 | Sewer    | Mangled by a giant frog

Vault maps used:
D:1:      lemuel_arrival_broad_hall, serial_glass, glass_columns_b,
          glass_columns_a
D:2:      first_bread, kennysheep_generic_room_2
D:3:      ecumenical_altar_1, uniq_terence
D:4:      temple_fountains, serial_shops, shop, gup_sewer_entry_glass
Sewer:    sewer_frog_island_02

Skill      XL: |  1  2  3  4  5  6 |
---------------+-------------------+-----
Spellcasting   | 4 5 6 |  6.2
Conjurations   | 2 3 4 5 |  5.0
Dodging        | |  2.1
Stealth        | |  2.1
Summonings     | |  0.8
Translocations | |  1.1
Fire Magic     | |  0.2
Poison Magic   | |  0.1

Action                   |  1- 3 |  4- 6 || total
-------------------------+-------+-------++-------
Melee: Unarmed           |     3 |    15 ||    18
 Cast: Magic Dart        |    99 |   203 ||   302
       Blink             |       |     4 ||     4
       Mephitic Cloud    |       |     2 ||     2
  Use: Scroll            |       |     6 ||     6
       Potion            |       |     1 ||     1
  Eat: Chunk             |     2 |     7 ||     9
